 Dungeon Crawl Stone Soup version 0.14-a0-2691-g997c442 (webtiles) character file.

59 Psiweapon the Grave Robber (level 3, -9/28 HPs)
             Began as a Deep Dwarf Necromancer on Feb 18, 2014.
             Mangled by Sigmund
             ... wielding a +0,+0 scythe
              (12 damage)
             ... on Level 2 of the Dungeon.
             The game lasted 00:06:59 (1152 turns).

Psiweapon the Grave Robber (Deep Dwarf Necromancer) Turns: 1152, Time: 00:06:59

HP  -9/28        AC  2     Str 12      XL: 3   Next: 10%
MP   2/6         EV 12     Int 15      God:
Gold 27          SH  0     Dex 13      Spells:  3 memorised,  0 levels left

rFire  . . .     SeeInvis .     f - +0,+1 orc club
rCold  . . .     Clarity  .     g - +0 robe {MR+}
rNeg   . . .     Conserve .     (no shield)
rPois  .         rCorr    .     (no helmet)
rElec  .         rRot     .     (no cloak)
SustAb . .       Spirit   .     (no gloves)
rMut   .         Warding  .     (no boots)
Saprov . . .     Stasis   .     (no amulet)
MR     +....                    (no ring)
                                (no ring)

@: non-regenerating, very slightly contaminated, somewhat resistant to hostile
enchantments, fairly stealthy
A: damage resistance, recharge devices, sense surroundings 1, slow healing 3
a: Device Recharging


You were on level 2 of the Dungeon.
You were hungry.

You visited 1 branch of the dungeon, and saw 2 of its levels.

You collected 27 gold pieces.

Inventory:

Hand weapons
 f - a +0,+1 orcish club (weapon)
Armour
 a - a +0 robe
 g - a +0 robe of magic resistance (worn)
Magical devices
 c - a wand of heal wounds (5)
Comestibles
 d - a bread ration
 m - 3 meat rations
 t - a lemon
Scrolls
 h - a scroll of curse armour {unknown}
 i - 3 scrolls of random uselessness {unknown}
 k - a scroll of fog {unknown}
 l - a scroll of recharging {unknown}
 n - a scroll of noise {unknown}
 p - a scroll of curse jewellery {unknown}
Potions
 j - a potion of heal wounds {unknown}
 o - a potion of agility {unknown}
 r - a potion of paralysis {unknown}
 s - a potion of curing {unknown}
Books
 b - a book of Necromancy

   Spells                             Type                      Level
   *Pain                              Necromancy                   1
   Animate Skeleton                   Necromancy                   1
   *Lethal Infusion                   Charms/Necromancy            2
   *Vampiric Draining                 Necromancy                   3
   Regeneration                       Charms/Necromancy            3
   Animate Dead                       Necromancy                   4
   Control Undead                     Necromancy                   4


   Skills:
 + Level 0.0 Fighting
 - Level 0.3 Throwing
 + Level 2.2 Dodging
 + Level 2.7 Stealth
 - Level 2.0 Spellcasting
 + Level 5.1 Necromancy


You couldn't memorise any spells.
You knew the following spells:

 Your Spells              Type           Power        Failure   Level  Hunger
a - Pain                  Necr           ###.         2%          1    #......
b - Vampiric Draining     Necr           ###.......   10%         3    ####...
c - Lethal Infusion       Chrm/Necr      #.........   12%         2    ###....


Dungeon Overview and Level Annotations

Branches:
Dungeon (2/16)

Altars:

Annotations:
D:2 Sigmund


Innate Abilities, Weirdness & Mutations

You are resistant to damage.
You can recharge devices by infusing magical energy.
You passively map a small area around you.
You do not heal naturally.


Message History

You hit Sigmund but do no damage.
Sigmund is lightly wounded.
Sigmund casts a spell at you. The magic dart hits you!
You hit Sigmund but do no damage.
Sigmund is lightly wounded.
Sigmund misses you.
You barely miss Sigmund.
Sigmund is lightly wounded.
Sigmund says, "Look into my eyes."
Sigmund barely misses you.
You hit Sigmund.
Sigmund is moderately wounded.
Sigmund points at you and mumbles some strange words.
The puff of flame hits you!
* * * LOW HITPOINT WARNING * * *
You barely miss Sigmund.
Sigmund is moderately wounded.
Sigmund hits you with a scythe!
You die...

, +## + * * * ..# , #.# #.#
#####+### #.# #.......#
###.### #.......# #.....####
#.......######......(.# ,, ,
#.....).+..@##..(..##.# ,
#.......###.@......##.'$....
#.......# ####.....####.....
#..<....# ##.#### .!...
#####'### #.# (... ##.# #.#
#+## #..# #.# , ########'##
#.## * #.........# #..#


You could see Sigmund.

Vanquished Creatures
  A giant mite (D:1)
  A giant gecko (D:1)
  3 bats
  2 giant cockroaches
  5 hobgoblins
  4 jackals (D:1)
  A kobold (D:1)
  A giant newt (D:1)
  A goblin (D:1)
  A rat (D:1)
20 creatures vanquished.

Notes
Turn   | Place    | Note
--------------------------------------------------------------
     0 | D:1      | Psiweapon, the Deep Dwarf Necromancer, began the quest for the Orb.
     0 | D:1      | Reached XP level 1. HP: 15/15 MP: 2/2
   101 | D:1      | Reached skill level 5 in Necromancy
   101 | D:1      | Reached XP level 2. HP: 16/22 MP: 0/3
   852 | D:1      | Reached XP level 3. HP: 15/28 MP: 1/5
  1015 | D:2      | Learned a level 3 spell: Vampiric Draining
  1018 | D:2      | Learned a level 2 spell: Lethal Infusion
  1124 | D:2      | Noticed Sigmund
  1152 | D:2      | Mangled by Sigmund

Action                   || total
-------------------------++-------
Melee: Club              ||    29
       Unarmed           ||     1
Throw: Javelin           ||    25
 Cast: Pain              ||    31
       Vampiric Draining ||     2
